 Dungeon Crawl Stone Soup version 0.29.1-2-gbd0b4ee654 (webtiles) character file.

Game seed: 12276617307174314350

517 BlackCrag the Gusty (level 7, 0/36 HPs)
             Began as a Deep Elf Air Elementalist on Oct 29, 2022.
             Slain by a lemure (8 damage)
             ... led by Pikel
             ... on level 4 of the Dungeon.
             The game lasted 00:18:39 (4293 turns).

BlackCrag the Gusty (Deep Elf Air Elementalist)     Turns: 4293, Time: 00:18:41

Health: 0/36       AC:  5    Str:  5    XL:     7   Next: 0%
Magic:  11/17      EV: 12    Int: 22    God:
Gold:   143        SH:  0    Dex: 15    Spells: 2/17 levels left

rFire   . . .      SeeInvis .   o - +2 quarterstaff (chaos)
rCold   . . .      Faith    .   (shield currently unavailable)
rNeg    . . .      Spirit   .   a - +0 robe
rPois   .          Reflect  .   (no helmet)
rElec   .          Harm     .   p - +2 cloak {Stlth+}
rCorr   +          Rampage  .   (no gloves)
Will    .....                   (no boots)
Stlth   +++.......              (no amulet)
HPRegen 0.12/turn               l - ring of resist corrosion
MPRegen 0.15/turn               v - ring of resist corrosion

@: no status effects
A: no striking features
a: no special abilities


You were on level 4 of the Dungeon.
You visited 1 branch of the dungeon, and saw 4 of its levels.

You collected 143 gold pieces.

Inventory:

Hand Weapons
 o - a +2 quarterstaff of chaos (weapon)
Armour
 a - a +0 robe (worn)
 p - a +2 cloak of stealth (worn)
Jewellery
 l - a ring of resist corrosion (left hand)
 v - a ring of resist corrosion (right hand)
Wands
 r - a wand of roots (11)
 u - a wand of paralysis (5)
Scrolls
 g - a scroll of amnesia {unknown}
 h - 4 scrolls of teleportation
 m - a scroll of torment {unknown}
 n - 2 scrolls of poison
 s - a scroll of fear {unknown}
Potions
 b - a potion of magic
 c - a potion of resistance {unknown}
 d - a potion of brilliance {unknown}
 e - a potion of degeneration {unknown}
 f - a potion of might
 i - 2 potions of curing {unknown}
 j - a potion of ambrosia {unknown}
 q - a potion of haste {unknown}
 t - a potion of heal wounds {unknown}
 w - 2 potions of invisibility {unknown}


   Skills:
 + Level 2.6 Dodging
 + Level 3.3 Stealth
 + Level 5.7 Spellcasting
 + Level 3.2 Conjurations
 * Level 6.0 Air Magic


You had 2 spell levels left.
You knew the following spells:

 Your Spells              Type           Power      Damage    Failure   Level
a - Shock                 Conj/Air       100%       1d9       1%          1
b - Static Discharge      Conj/Air       26%        3-7/arc   1%          2
c - Swiftness             Air            33%        N/A       2%          3
d - Airstrike             Air            16%        2d(3-19)  8%          4
e - Summon Small Mammal   Summ           24%        N/A       10%         1
f - Fulminant Prism       Conj/Hex       6%         3d7       43%         4

Your spell library contained the following spells:

 Spells                   Type           Power      Damage    Failure   Level
 Apportation              Tloc           12%        N/A       10%         1
 Necrotise                Necr           24%        1d5       10%         1
 Ensorcelled Hibernation  Hex/Ice        12%        N/A       14%         2
 Passwall                 Tmut/Erth      5%         N/A       14%         2
 Iskenderun's Mystic Bla  Conj/Tloc      13%        2d5       43%         4
 Lee's Rapid Deconstruct  Erth           3%         3d6*      95%         5


Dungeon Overview and Level Annotations

Branches:
Dungeon (4/15)
 Temple: D:4-7

Altars:
Fedhas

Annotations:
D:4 Pikel


Message History

The lightning grounds out.
The lemure is struck by an arc of lightning!
The lemure is moderately wounded.
You are struck by an arc of lightning.
The lemure is struck by an arc of lightning.
The lemure is heavily wounded.
The lightning grounds out.
The lemure hits you but does no damage. The lemure hits you.
Pikel hits you with a +0 whip of flaming!
Pikel burns you.
Casting: Static Discharge (safe; 1% risk of failure)
Confirm with . or Enter, or press ? or * to list all spells.
The lemure is struck by an arc of lightning!
The lemure is severely wounded.
The lemure is struck by an arc of lightning.
The lemure is moderately wounded.
The lightning grounds out.
The lemure is struck by an arc of lightning!
The lemure is heavily wounded.
The lemure is struck by an arc of lightning.
The lemure is almost dead.
The lemure is struck by an arc of lightning!
The lemure is severely wounded.
The lightning grounds out.
Pikel is struck by an arc of lightning!
Pikel is severely wounded.
You are struck by an arc of lightning.
* * * LOW HITPOINT WARNING * * *
The lightning grounds out.
The lemure barely misses you. The lemure hits you but does no damage.
Pikel says, "You'll make a fine lemure."
Pikel closely misses you.
Casting: Static Discharge (safe; 1% risk of failure)
Confirm with . or Enter, or press ? or * to list all spells.
Pikel is struck by an arc of lightning.
Pikel is almost dead.
You are struck by an arc of lightning.
* * * LOW HITPOINT WARNING * * *
The lightning grounds out.
The lemure hits you but does no damage. The lemure hits you!
You die...

###### #....##########
#..#..........####
##.#####...#.....########
...!.............K.......
##.###.........5@########
#.# #..>.......5# #.#
#...........#
#.####.........##
##.##..............
........###########
.....#### ##.#...#
##$###.....


You could see Pikel and 2 lemures.

Vanquished Creatures
  Grinder (D:3)
  A lemure (D:3)
  A necrophage (D:3)
  Crazy Yiuf (D:2)
  Ijyb (D:3)
  An iguana (D:3)
  Natasha (thrice) (D:2)
  Robin (D:3)
  5 adders
  7 bats
  4 endoplasms
  2 giant cockroaches
  15 goblins
  6 hobgoblins
  4 quokkas (D:1)
  4 ball pythons
  2 frilled lizards (D:1)
  5 kobolds
  5 rats
69 creatures vanquished.

Notes
Turn   | Place    | Note
-------+----------+-------------------------------------------
     0 | D:1      | BlackCrag the Deep Elf Air Elementalist began the quest for
                  | the Orb.
     0 | D:1      | Reached XP level 1. HP: 10/10 MP: 6/6
   410 | D:1      | Reached XP level 2. HP: 15/15 MP: 4/8
   413 | D:1      | Learned a level 2 spell: Static Discharge
   795 | D:1      | Reached XP level 3. HP: 14/19 MP: 2/9
   799 | D:1      | Learned a level 3 spell: Swiftness
  1614 | D:2      | Reached skill level 4 in Air Magic
  1663 | D:2      | Found a faded altar of an unknown god.
  1712 | D:2      | Noticed Natasha
  1715 | D:2      | Killed Natasha
  1716 | D:2      | Reached XP level 4. HP: 17/24 MP: 7/12
  1780 | D:2      | Noticed Natasha
  1784 | D:2      | Killed Natasha
  1882 | D:2      | Noticed Natasha
  1887 | D:2      | Killed Natasha
  1898 | D:2      | Learned a level 4 spell: Airstrike
  2217 | D:2      | Reached XP level 5. HP: 26/28 MP: 6/13
  2340 | D:2      | Found a runed translucent door.
  2341 | D:2      | Noticed Crazy Yiuf
  2349 | D:2      | Killed Crazy Yiuf
  2918 | D:3      | Found a blossoming altar of Fedhas.
  2969 | D:3      | Noticed Ijyb
  2976 | D:3      | Killed Ijyb
  2977 | D:3      | Reached skill level 5 in Air Magic
  3163 | D:3      | Learned a level 1 spell: Summon Small Mammal
  3282 | D:3      | Noticed Grinder
  3283 | D:3      | Paralysed by Grinder for 3 turns
  3287 | D:3      | Killed Grinder
  3288 | D:3      | Reached skill level 5 in Spellcasting
  3288 | D:3      | Reached XP level 6. HP: 23/32 MP: 5/16
  3360 | D:3      | Identified the +5 ring mail of a Labyrinth {Str+4 Dex+4}
  3512 | D:3      | Reached skill level 6 in Air Magic
  3512 | D:3      | Noticed Robin
  3823 | D:3      | Killed Robin
  3824 | D:3      | Reached XP level 7. HP: 32/36 MP: 6/17
  4135 | D:4      | Learned a level 4 spell: Fulminant Prism
  4162 | D:4      | Noticed Pikel
  4293 | D:4      | Slain by a lemure

Illustrated notes

Levels and vault maps discovered:
D:1:      amcnicky_arrival_double_pillar, layout_basic
D:2:      layout_basic, hellmonk_ecumenical_altar_blasted,
          uniq_crazy_yiuf_cottage, uniq_natasha
D:3:      layout_basic, mainiacjoe_overflow_boulevard, guppyfry_early_lair_pool,
          uniq_robin, uniq_grinder, uniq_ijyb
D:4:      layout_rooms, uniq_pikel

Skill      XL: |  1  2  3  4  5  6 |
---------------+-------------------+-----
Air Magic      | 4 5 6 |  6.0
Spellcasting   | 4 5 |  5.7
Conjurations   | 2 3 |  3.2
Stealth        | 3 |  3.3
Dodging        | |  2.6

Action                   |  1- 3 |  4- 6 |  7- 9 || total
-------------------------+-------+-------+-------++-------
 Cast: Shock             |    57 |    38 |     3 ||    98
       Static Discharge  |     9 |    14 |     6 ||    29
       Airstrike         |       |    11 |     3 ||    14
       Summon Small Mamm |       |       |     1 ||     1
  Use: Scroll            |     1 |     2 |     2 ||     5
Armor: Robe              |     2 |     6 |     5 ||    13
Dodge: Dodged            |     4 |    10 |     6 ||    20
